 Dungeon Crawl Stone Soup version 0.17-a0-1093-g0b3cd89 (webtiles) character file.

47 Hanyuu the Insei (level 3, -3/23 HPs)
             Began as an Octopode Transmuter on May 20, 2015.
             Killed from afar by Sigmund (6 damage)
             ... with a magic dart
             ... on level 3 of the Dungeon.
             The game lasted 00:04:04 (1072 turns).

Hanyuu the Insei (Octopode Transmuter)              Turns: 1072, Time: 00:04:04

Health: -3/23      AC:  3    Str:  9    XL:     3   Next: 70%
Magic:  3/6        EV: 19    Int: 16    God:
Gold:   46         SH:  0    Dex: 17    Spells: 3 memorised, 0 levels left

rFire  . . .     SeeInvis +       - Unarmed
rCold  . . .     Clarity  .     (shield currently unavailable)
rNeg   . . .     SustAb   .     (helmet currently unavailable)
rPois  x         Gourm    .     (no amulet)
rElec  .         Spirit   .     d - ring of see invisible
rCorr  .         Warding  .     l - +1 ring of protection
rMut   .         Stasis   .     (no ring)
MR     .....                    (no ring)
Stlth  ++........               (no ring)
                                (no ring)
                                (no ring)
                                (no ring)

@: spider-form (expiring), not resistant to hostile enchantments, unstealthy
A: almost no armour, amphibious, 8 rings, (constrict 8), (camouflage 0),
(gelatinous body 0)
a: End Transformation


You were on level 3 of the Dungeon.
You were not hungry.
You were a venomous arachnid creature.
You visited 1 branch of the dungeon, and saw 3 of its levels.

You collected 46 gold pieces.

Inventory:

Missiles
 a - 12 arrows
Jewellery
 d - a ring of see invisible (left front leg)
 l - a +1 ring of protection (right front leg)
Scrolls
 e - 3 scrolls of noise {unknown}
 f - 2 scrolls of teleportation {unknown}
 i - a scroll of enchant weapon {unknown}
Potions
 j - a potion of degeneration {unknown}
Books
 b - a book of Changes

   Spells                             Type                      Level
   a - Beastly Appendage              Transmutation                1
   b - Sticks to Snakes               Transmutation                2
   c - Spider Form                    Transmutation/Poison         3
   d - Ice Form                       Ice/Transmutation            4
   e - Blade Hands                    Transmutation                5
Comestibles
 c - a bread ration
 g - a beef jerky
 h - 2 meat rations
 k - a chunk of flesh


   Skills:
 + Level 1.3 Fighting
 - Level 2.0 Dodging
 * Level 4.4 Unarmed Combat
 - Level 2.0 Spellcasting
 - Level 2.0 Transmutations


You couldn't memorise any spells.
You knew the following spells:

 Your Spells              Type           Power        Failure   Level  Hunger
a - Beastly Appendage     Trmt           #.....       24%         1    #......
b - Sticks to Snakes      Trmt           #.........   32%         2    ###....
c - Spider Form           Trmt/Pois      #.........   61%         3    ###....


Dungeon Overview and Level Annotations

Branches:
Dungeon (3/15)

Altars:

Annotations:
D:3 Hanyuu's ghost, average OpTm; Sigmund


Innate Abilities, Weirdness & Mutations

You cannot wear most types of armour.
You are amphibious.
You can wear up to eight rings at the same time.
((You can use your tentacles to constrict eight enemies at once.))
((Your skin changes colour to match your surroundings (Stealth).))
((Your rubbery body absorbs attacks (AC +1).))


Message History

There is a stone staircase leading down here.
You fall through a shaft!
The shaft crumbles and collapses.
A hobgoblin and Sigmund come into view.
Sigmund shouts!
The hobgoblin shouts!
Found a smoky black potion.
Found a stone staircase leading up.
Casting: Beastly Appendage
Confirm with . or Enter, or press ? or * to list all spells.
You turn into a venomous arachnid creature.
Sigmund drinks a potion.
Sigmund seems to speed up.
Hanyuu's ghost (average Octopode Transmuter) comes into view.
Your transformation is almost over.
Sigmund casts a spell at you. The puff of flame hits you!
Sigmund hits you with a scythe!
* * * LOW HITPOINT WARNING * * *
You closely miss Sigmund. Sigmund casts a spell at you.
The magic dart hits you!
You die...

#########
#....@..#
#.#s..###
#..g....#
#..#..#.#
#W.#..# #
#<.#....
......#.#
##..####.#
#... #
##..


You could see Sigmund, Hanyuu's ghost and a hobgoblin.

Vanquished Creatures
  An adder (D:1)
  A giant cockroach (D:2)
  2 goblins (D:2)
  7 hobgoblins (D:1)
  9 jackals (D:1)
  6 bats
  A giant newt (D:2)
  2 kobolds (D:1)
  2 rats (D:1)
31 creatures vanquished.

Notes
Turn   | Place    | Note
--------------------------------------------------------------
     0 | D:1      | Hanyuu the Octopode Transmuter began the quest for the Orb.
     0 | D:1      | Reached XP level 1. HP: 13/13 MP: 3/3
    43 | D:1      | Reached XP level 2. HP: 13/18 MP: 5/5
   480 | D:1      | Reached skill level 4 in Unarmed Combat
   560 | D:1      | Reached XP level 3. HP: 16/23 MP: 6/6
   564 | D:1      | Learned a level 2 spell: Sticks to Snakes
   568 | D:1      | Learned a level 3 spell: Spider Form
  1068 | D:2      | You fall through a shaft!
  1068 | D:3      | Noticed Sigmund
  1070 | D:3      | Noticed Hanyuu's ghost (average OpTm)
  1072 | D:3      | Killed from afar by Sigmund

Vault maps used:
D:1:      erik_arrival_cave_to_civilisation, lemuel_another_geyser
D:3:      grunt_temple_overflow_open, first_bread, uniq_sigmund, uniq_iyjb

Action                   || total
-------------------------++-------
Melee: Unarmed           ||    57
 Cast: Beastly Appendage ||     4
       Spider Form       ||     1
 Stab: Sleeping          ||     4
  Eat: Chunk             ||     1
